PCL
REDWOOD CITY REDWOODS @ GRESHAM GOLD SOULS
08/22/2028
 
TOP OF THE 1ST
Redwood City Redwoods batting - Pitching for Gresham Gold Souls : RHP Jamal Clayton
Pitching: RHP Jamal Clayton
Batting: RHB Robert Downing 0-0: Ball
1-0: Foul Ball, location: 2F
1-1: SINGLE (Line Drive, 6MD)
Batting: LHB Keith Green 0-0: Ball
1-0: Called Strike
1-1: TRIPLE (Line Drive, 7D)
Robert Downing scores
Batting: LHB Marcos Pérez 0-0: Swinging Strike
0-1: Ball
1-1: Ball
2-1: Fly out, F8 (Flyball, 89S)
Batting: LHB Bill McCraney 0-0: Fly out, F9 (Flyball, 9LM)
Runner from 3rd tags up, SCORES, no throw
Batting: LHB Vicente Chávez 0-0: Called Strike
0-1: Ball
1-1: Ball
2-1: Ball
3-1: Foul Ball, location: 2F
3-2: Strikes out swinging
Top of the 1st over - 2 run(s), 2 hit(s), 0 error(s), 0 left on base; Redwood City 2 - Gresham 0
BOTTOM OF THE 1ST
Gresham Gold Souls batting - Pitching for Redwood City Redwoods : LHP Raúl Fernández
Pitching: LHP Raúl Fernández
Batting: RHB Jesús Gutiérrez 0-0: Called Strike
0-1: Ground out 1-3 (Groundball, P)
Batting: RHB Gustavo Pagán 0-0: Foul Ball, location: 2F
0-1: Ground out 5-3 (Groundball, 5L)
Batting: LHB Chance Santry 0-0: Ball
1-0: Foul Ball, location: 2F
1-1: Swinging Strike
1-2: Foul Ball, location: 2F
1-2: Ball
2-2: Foul Ball, location: 2F
2-2: Strikes out swinging
Bottom of the 1st over - 0 run(s), 0 hit(s), 0 error(s), 0 left on base; Redwood City 2 - Gresham 0
TOP OF THE 2ND
Redwood City Redwoods batting - Pitching for Gresham Gold Souls : RHP Jamal Clayton
Batting: RHB Bob Campbell 0-0: Ball
1-0: Called Strike
1-1: Swinging Strike
1-2: Ground out 5-3 (Groundball, 56S)
Batting: RHB Juan Robles 0-0: Called Strike
0-1: Ball
1-1: Ball
2-1: Foul Ball, location: 2F
2-2: Ground out 6-3 (Groundball, 6)
Batting: RHB Jesús Cuevas 0-0: Called Strike
0-1: Swinging Strike
0-2: Ground out 2-3 (Groundball, 2R)
Top of the 2nd over - 0 run(s), 0 hit(s), 0 error(s), 0 left on base; Redwood City 2 - Gresham 0
BOTTOM OF THE 2ND
Gresham Gold Souls batting - Pitching for Redwood City Redwoods : LHP Raúl Fernández
Batting: LHB Nick Scott 0-0: Called Strike
0-1: Ground out 1-3 (Groundball, 13S)
Batting: LHB Millard Dye 0-0: Swinging Strike
0-1: Fly out, F6 (Line Drive, 6)
Batting: RHB Matt Davidson 0-0: Foul Ball, location: 2F
0-1: Fly out, F9 (Flyball, 89S)
Bottom of the 2nd over - 0 run(s), 0 hit(s), 0 error(s), 0 left on base; Redwood City 2 - Gresham 0
TOP OF THE 3RD
Redwood City Redwoods batting - Pitching for Gresham Gold Souls : RHP Jamal Clayton
Batting: RHB David Strickland 0-0: Ball
1-0: Called Strike
1-1: Fly out, F6 (Popup, 6M)
Batting: RHB Robert Downing 0-0: Ball
1-0: Ground out 5-3 (Groundball, 56S)
Batting: LHB Keith Green 0-0: Foul Ball, location: 2F
0-1: Fly out, F3 (Popup, 3L)
Top of the 3rd over - 0 run(s), 0 hit(s), 0 error(s), 0 left on base; Redwood City 2 - Gresham 0
BOTTOM OF THE 3RD
Gresham Gold Souls batting - Pitching for Redwood City Redwoods : LHP Raúl Fernández
Batting: LHB Bill Smith 0-0: Called Strike
0-1: Ball
1-1: Ball
2-1: Ball
3-1: Foul Ball, location: 2F
3-2: Strikes out swinging
Batting: RHB Jack Snyder 0-0: Called Strike
0-1: Ball
1-1: Swinging Strike
1-2: Strikes out swinging
Batting: RHB Augusto Baiano 0-0: Foul Ball, location: 2F
0-1: Swinging Strike
0-2: Ball
1-2: DOUBLE (Line Drive, 7LM)
Batting: RHB Jesús Gutiérrez 0-0: Called Strike
0-1: Ball
1-1: Ball
2-1: Foul Ball, location: 2F
2-2: Foul Ball, location: 2F
2-2: SINGLE (Line Drive, 34D)
Augusto Baiano to third
Batting: RHB Gustavo Pagán 0-0: Ball
1-0: Ground out 5-3 (Groundball, 56S)
Bottom of the 3rd over - 0 run(s), 2 hit(s), 0 error(s), 2 left on base; Redwood City 2 - Gresham 0
TOP OF THE 4TH
Redwood City Redwoods batting - Pitching for Gresham Gold Souls : RHP Jamal Clayton
Batting: LHB Marcos Pérez 0-0: Fly out, F5 (Line Drive, 5)
Now at 3B: Francis Shaffer
Batting: LHB Bill McCraney 0-0: Ball
1-0: Foul Ball, location: 2F
1-1: SINGLE (Flyball, 8RS)
Batting: LHB Vicente Chávez 0-0: Called Strike
0-1: Called Strike
0-2: Strikes out looking
Batting: RHB Bob Campbell 0-0: Ball
1-0: DOUBLE (Line Drive, 8RXD)
Bill McCraney to third
Runner from 3rd tries for Home, SAFE, throw made home
Batting: RHB Juan Robles 0-0: DOUBLE (Flyball, 9LM)
Bob Campbell scores
Batting: RHB Jesús Cuevas 0-0: Ball
1-0: Ball
2-0: Ground out 6-3 (Groundball, 6)
Top of the 4th over - 2 run(s), 3 hit(s), 0 error(s), 1 left on base; Redwood City 4 - Gresham 0
BOTTOM OF THE 4TH
Gresham Gold Souls batting - Pitching for Redwood City Redwoods : LHP Raúl Fernández
Batting: LHB Chance Santry 0-0: Swinging Strike
0-1: Foul Ball, location: 2F
0-2: Ball
1-2: Ball
2-2: Foul Ball, location: 2F
2-2: Ground out 4-3 (Groundball, 4M)
Batting: LHB Nick Scott 0-0: Called Strike
0-1: Single, Error in OF, E9, batter to second base
Batting: LHB Millard Dye 0-0: Foul Ball, location: 2F
0-1: Called Strike
0-2: Foul Ball, location: 2F
0-2: Ball
1-2: SINGLE (Line Drive, 3D)
Nick Scott to third
Runner from 3rd tries for Home, SAFE, no throw
Batting: SHB Francis Shaffer 0-0: Ball
1-0: Foul Ball, location: 2F
1-1: Ball
2-1: Ball
3-1: Called Strike
3-2: Ground out 6-3 (Groundball, 6MS)
Millard Dye to second
Batting: LHB Bill Smith 0-0: Ball
1-0: Ball
2-0: Ball
3-0: Called Strike
3-1: Called Strike
3-2: Base on Balls
Batting: RHB Jack Snyder 0-0: Called Strike
0-1: Foul Ball, location: 2F
0-2: Foul Ball, location: 2F
0-2: Foul Ball, location: 2F
0-2: Ball
1-2: Strikes out swinging
Bottom of the 4th over - 1 run(s), 2 hit(s), 1 error(s), 2 left on base; Redwood City 4 - Gresham 1
TOP OF THE 5TH
Redwood City Redwoods batting - Pitching for Gresham Gold Souls : RHP Jamal Clayton
Batting: RHB David Strickland 0-0: Called Strike
0-1: Swinging Strike
0-2: Ground out U3 (Groundball, 34S)
Batting: RHB Robert Downing 0-0: Swinging Strike
0-1: Foul Ball, location: 2F
0-2: Ball
1-2: Ball
2-2: Foul Ball, location: 2F
2-2: Foul Ball, location: 2F
2-2: Ball
3-2: Base on Balls
Batting: LHB Keith Green 0-0: Ball
1-0: Ball
2-0: SINGLE (Flyball, 89S)
Robert Downing to second
Runner from 2nd tries for 3rd, OUT!
Keith Green to second
Batting: LHB Marcos Pérez 0-0: Called Strike
0-1: Ball
1-1: Called Strike
1-2: Strikes out looking
Top of the 5th over - 0 run(s), 1 hit(s), 0 error(s), 1 left on base; Redwood City 4 - Gresham 1
BOTTOM OF THE 5TH
Gresham Gold Souls batting - Pitching for Redwood City Redwoods : LHP Raúl Fernández
Batting: RHB Augusto Baiano 0-0: Called Strike
0-1: Foul Ball, location: 2F
0-2: Ball
1-2: Foul Ball, location: 2F
1-2: Foul Ball, location: 2F
1-2: Ground out 6-3 (Groundball, 6)
Batting: RHB Jesús Gutiérrez 0-0: Ball
1-0: Foul Ball, location: 2F
1-1: Swinging Strike
1-2: Ball
2-2: Ball
3-2: Ground out 5-3 (Groundball, 5S)
Batting: RHB Gustavo Pagán 0-0: Called Strike
0-1: Foul Ball, location: 2F
0-2: Strikes out swinging
Bottom of the 5th over - 0 run(s), 0 hit(s), 0 error(s), 0 left on base; Redwood City 4 - Gresham 1
TOP OF THE 6TH
Redwood City Redwoods batting - Pitching for Gresham Gold Souls : RHP Jamal Clayton
Batting: LHB Bill McCraney 0-0: Called Strike
0-1: Ball
1-1: Ball
2-1: Ground out 3-1 (Groundball, 34)
Batting: LHB Vicente Chávez 0-0: Ball
1-0: Foul Ball, location: 2F
1-1: Ball
2-1: SINGLE (Line Drive, 3D)
Batting: RHB Bob Campbell 0-0: Ball
1-0: Grounds into double play, 6-4-3 (Groundball, 6)
Top of the 6th over - 0 run(s), 1 hit(s), 0 error(s), 0 left on base; Redwood City 4 - Gresham 1
BOTTOM OF THE 6TH
Gresham Gold Souls batting - Pitching for Redwood City Redwoods : LHP Raúl Fernández
Batting: LHB Chance Santry 0-0: Ball
1-0: Ball
2-0: Ball
3-0: Called Strike
3-1: Base on Balls
Batting: LHB Nick Scott 0-0: Ball
1-0: Foul Ball, location: 2F
1-1: Fly out, F8 (Flyball, 89D)
Batting: LHB Millard Dye 0-0: Called Strike
0-1: Fly out, F6 (Line Drive, 6M)
Batting: SHB Francis Shaffer 0-0: Called Strike
0-1: Swinging Strike
0-2: Ball
1-2: Strikes out swinging
Bottom of the 6th over - 0 run(s), 0 hit(s), 0 error(s), 1 left on base; Redwood City 4 - Gresham 1
TOP OF THE 7TH
Redwood City Redwoods batting - Pitching for Gresham Gold Souls : RHP Jamal Clayton
Batting: RHB Juan Robles 0-0: Ball
1-0: Foul Ball, location: 2F
1-1: Called Strike
1-2: Strikes out swinging
Batting: RHB Jesús Cuevas 0-0: Ball
1-0: Ball
2-0: Ball
3-0: Base on Balls
Batting: RHB David Strickland 0-0: Called Strike
0-1: Ball
1-1: SINGLE (Flyball, 9LM)
Jesús Cuevas to second
Throwing error, E9
Jesús Cuevas scores
David Strickland to second
Pitching: RHP Andy Hickey
Batting: RHB Robert Downing 0-0: Ball
1-0: Called Strike
1-1: Ball
2-1: Ball
3-1: Base on Balls
Batting: LHB Keith Green 0-0: Called Strike
Throwing error on steal attempt, E2
David Strickland scores
Robert Downing to third
0-1: Ball
1-1: Foul Ball, location: 2F
1-2: Ball
2-2: Foul Ball, location: 2F
2-2: Strikes out swinging, 2-3 out at first.
Batting: LHB Marcos Pérez 0-0: Foul Ball, location: 2F
0-1: Ball
1-1: Ball
2-1: Ball
3-1: Base on Balls
Batting: LHB Bill McCraney 0-0: Called Strike
0-1: Ball
1-1: Foul Ball, location: 2F
1-2: Strikes out swinging
Top of the 7th over - 2 run(s), 1 hit(s), 2 error(s), 2 left on base; Redwood City 6 - Gresham 1
BOTTOM OF THE 7TH
Gresham Gold Souls batting - Pitching for Redwood City Redwoods : LHP Raúl Fernández
Pitching: RHP José Gusmán
Batting: LHB Bill Smith 0-0: Ball
1-0: Ball
2-0: Swinging Strike
2-1: Ball
3-1: Base on Balls
Batting: RHB Jack Snyder Pickoff Throw to First - Out!
0-0: Fly out, F6 (Popup, 56D)
Batting: RHB Augusto Baiano 0-0: Called Strike
0-1: Called Strike
0-2: Foul Ball, location: 2F
0-2: Ball
1-2: Ball
2-2: Foul Ball, location: 2F
2-2: Strikes out swinging, 2-3 out at first.
Bottom of the 7th over - 0 run(s), 0 hit(s), 0 error(s), 0 left on base; Redwood City 6 - Gresham 1
TOP OF THE 8TH
Redwood City Redwoods batting - Pitching for Gresham Gold Souls : RHP Andy Hickey
Batting: LHB Vicente Chávez 0-0: Ball
1-0: Called Strike
1-1: Ball
2-1: Foul Ball, location: 2F
2-2: Ground out 6-3 (Groundball, 6)
Batting: RHB Bob Campbell 0-0: Ball
1-0: Ball
2-0: Ball
3-0: Called Strike
3-1: Called Strike
3-2: Strikes out swinging
Batting: RHB Juan Robles 0-0: Called Strike
0-1: Swinging Strike
0-2: SINGLE (Groundball, 56D)
Batting: RHB Jesús Cuevas 0-0: Foul Ball, location: 2F
0-1: Fly out, F7 (Flyball, 78D)
Top of the 8th over - 0 run(s), 1 hit(s), 0 error(s), 1 left on base; Redwood City 6 - Gresham 1
BOTTOM OF THE 8TH
Gresham Gold Souls batting - Pitching for Redwood City Redwoods : RHP José Gusmán
Now at 1B: Carlos Gonzáles
Batting: RHB Jesús Gutiérrez 0-0: Fly out, F8 (Flyball, 8LD)
Batting: RHB Gustavo Pagán 0-0: Called Strike
0-1: Ball
1-1: Ball
2-1: Foul Ball, location: 2F
2-2: Ball
3-2: SOLO HOME RUN (Flyball, 78XD), Distance : 402 ft
Batting: LHB Chance Santry 0-0: Ball
1-0: Ball
2-0: Called Strike
2-1: Ball
3-1: Base on Balls
Batting: LHB Nick Scott 0-0: Fly out, F2 (Popup, 23)
Batting: LHB Millard Dye 0-0: Called Strike
0-1: Swinging Strike
0-2: Ball
1-2: 2-RUN HOME RUN (Flyball, 89XD), Distance : 442 ft
Batting: SHB Francis Shaffer 0-0: Called Strike
0-1: Foul Ball, location: 2F
0-2: SINGLE (Groundball, 6D)
Batting: LHB Bill Smith 0-0: Ball
1-0: SINGLE (Line Drive, 89S)
Francis Shaffer to second
Throwing error, E9
Francis Shaffer scores
Bill Smith to second
Batting: RHB Jack Snyder 0-0: Ball
1-0: Ground out 5-3 (Groundball, 5)
Bottom of the 8th over - 4 run(s), 4 hit(s), 1 error(s), 1 left on base; Redwood City 6 - Gresham 5
TOP OF THE 9TH
Redwood City Redwoods batting - Pitching for Gresham Gold Souls : RHP Andy Hickey
Batting: RHB David Strickland 0-0: Ground out 6-3 (Groundball, 6)
Batting: RHB Robert Downing 0-0: Called Strike
0-1: Ball
1-1: Ball
2-1: Ball
3-1: Ground out 5-3 (Groundball, 56)
Batting: LHB Keith Green 0-0: Called Strike
0-1: Ball
1-1: Swinging Strike
1-2: Strikes out swinging
Top of the 9th over - 0 run(s), 0 hit(s), 0 error(s), 0 left on base; Redwood City 6 - Gresham 5
BOTTOM OF THE 9TH
Gresham Gold Souls batting - Pitching for Redwood City Redwoods : RHP José Gusmán
Pinch Hitting: SHB Todd Smith 0-0: Ball
1-0: Fly out, F4 (Popup, 4D)
Batting: RHB Jesús Gutiérrez 0-0: Ball
1-0: Called Strike
1-1: Called Strike
1-2: Ball
2-2: Ball
3-2: Base on Balls
Pinch Hitting: LHB Jeff Douglas 0-0: Ball
1-0: Ball
2-0: Called Strike
2-1: Ball
3-1: Base on Balls
Jesús Gutiérrez to second
Batting: LHB Chance Santry 0-0: Ball
1-0: Swinging Strike
1-1: Ball
2-1: Foul Ball, location: 2F
2-2: Strikes out swinging
Pitching: RHP Johnny Bryant
Batting: LHB Nick Scott 0-0: Ball
1-0: Called Strike
1-1: Ball
2-1: Foul Ball, location: 2F
2-2: Ball
3-2: Foul Ball, location: 2F
3-2: Base on Balls
Jesús Gutiérrez to third
Jeff Douglas to second
Batting: LHB Millard Dye 0-0: Called Strike
0-1: Ground out 1-3 (Groundball, 13)
Bottom of the 9th over - 0 run(s), 0 hit(s), 0 error(s), 3 left on base; Redwood City 6 - Gresham 5
Tuesday, August 8th, 2017 - OOTP Baseball 17.12 Build 75